AoeStats
← 8

Arena

510015068Analyzed
3v3 RM · 5d ago on Sep 29, 2026· 43m 37s· 6 players
Game mode
Random Map
Map size
Normal (6 player)
Population
200
Speed
Normal
Resources
Standard
Victory
Conquest
Starting age
Dark Age
Ending age
Imperial Age
RankedLock teamsTeams togetherTeam positionsShared explorationLock speedFull tech treeHidden civsTurbo modeCheats
Victory
Defeat
🇦🇷 Britons · Argentina
1554
+5
🇦🇷 Turks · Argentina
1219
+14
🇦🇷 Persians · Argentina
1138
+18
🇺🇸 Khmer · United States
1269
-15
🇺🇸 Dravidians · United States
1224
-12
🇮🇳 Italians · India
1154
-10
Toto_IV
9:53 Feudal Age
14:02 Castle Age
12:18 Double-Bit Axe
12:45 Horse Collar
15:00 Bow Saw
16:09 Wheelbarrow
19:00 Fletching
19:39 Bodkin Arrow
19:55 Loom
37:24 Town Watch
37:58 Hand Cart
43:34 Imperial Age
43:15 Padded Archer Armor
ACADE
7:18 Loom
12:24 Feudal Age
16:44 Castle Age
14:51 Double-Bit Axe
18:57 Wheelbarrow
20:31 Horse Collar
20:51 Town Watch
22:54 Bow Saw
23:29 Stone Mining
25:03 Heavy Plow
25:57 Husbandry
26:13 Scale Barding Armor
26:19 Forging
28:02 Bloodlines
28:14 Chain Barding Armor
30:42 Hand Cart
30:28 Town Patrol
31:40 Iron Casting
37:39 Imperial Age
37:23 Cavalier
38:40 Plate Barding Armor
38:10 Gold Mining
38:56 Stone Shaft Mining
38:54 Conscription
39:23 Savar
43:24 Blast Furnace
Granaaaa
12:24 Feudal Age
16:32 Castle Age
15:29 Double-Bit Axe
23:02 Imperial Age
41:29 Bow Saw
41:43 Horse Collar
41:53 Gold Mining
41:54 Stone Mining
42:46 Wheelbarrow
Ra
9:46 Feudal Age
10:09 Loom
13:15 Castle Age
11:36 Double-Bit Axe
12:14 Horse Collar
17:55 Bloodlines
19:31 Forging
19:31 Scale Barding Armor
21:12 Husbandry
30:41 Wheelbarrow
29:51 Town Watch
40:06 Imperial Age
37:52 Hand Cart
38:32 Forging
38:43 Chain Barding Armor
38:37 Forging
40:34 Bow Saw
40:26 Heavy Plow
40:17 Gold Mining
42:18 Elite Battle Elephant
dipsh*t
10:22 Feudal Age
10:49 Feudal Age
11:00 Loom
15:42 Fletching
15:30 Man-at-Arms
16:17 Arson
21:16 Wheelbarrow
20:53 Forging
25:34 Castle Age
28:05 Hand Cart
28:51 Thumb Ring
28:06 Crossbowman
28:54 Double-Bit Axe
29:48 Bow Saw
29:20 Horse Collar
31:00 Bodkin Arrow
31:05 Padded Archer Armor
34:08 Leather Archer Armor
41:34 Heavy Plow
42:48 Gold Mining
8
10:25 Feudal Age
14:43 Castle Age
13:03 Double-Bit Axe
14:57 Fletching
17:41 Crossbowman
21:16 Bodkin Arrow
29:50 Gold Mining
30:43 Wheelbarrow
35:44 Imperial Age
33:46 Loom
35:12 Horse Collar
35:47 Bow Saw
37:41 Chemistry
37:44 Ballistics
37:32 Bracer
38:51 Arbalester
41:50 Ballistics
42:00 Thumb Ring
41:57 Padded Archer Armor
Connection lost

Rejoining the realm…

Still unreachable

The connection could not be restored.

Session expired

The server has moved on; the page needs a fresh start.